 Dungeon Crawl Stone Soup version 0.20-a0-421-gf6b327c (webtiles) character file.

211 esc the Caller (level 5, -5/46 HPs)
             Began as a Tengu Summoner on Dec 31, 2016.
             Slain by an ogre
             ... wielding a +0 giant club
              (15 damage)
             ... on level 4 of the Dungeon.
             The game lasted 00:19:08 (4826 turns).

esc the Caller (Tengu Summoner)                     Turns: 4826, Time: 00:19:08

Health: -5/46      AC: 22    Str:  8    XL:     5   Next: 88%
Magic:  1/11       EV:  2    Int: 17    God:
Gold:   148        SH:  0    Dex: 14    Spells: 8/11 levels left

rFire  . . .     SeeInvis .     g - +0 short sword
rCold  . . .     Gourm    .     (armour currently unavailable)
rNeg   + + +     Faith    .     (no shield)
rPois  +         Spirit   .     (helmet currently unavailable)
rElec  .         Reflect  .     (cloak currently unavailable)
rCorr  .         Harm     .     (gloves currently unavailable)
MR     .....     NoTele   +     (boots unavailable)
Stlth  ++........               (no amulet)
                                (no ring)
                                j - ring of flight {+Fly, !d}

@: tree-form (expiring)
A: (beak), (talons 0), able to fly 1
a: Fly


You were on level 4 of the Dungeon.
You were hungry.
You were a tree.
You visited 1 branch of the dungeon, and saw 4 of its levels.

You collected 148 gold pieces.

Inventory:

Hand Weapons
 f - a +2 vampiric hand axe {!w}
   (You found it on level 1 of the Dungeon)
 g - a +0 short sword (weapon)
   (You found it on level 1 of the Dungeon)
Armour
 a - a +0 robe (melded)
Jewellery
 j - a ring of flight (left branch) {+Fly, !d}
   (You took it off a goblin on level 1 of the Dungeon)
 n - an uncursed ring of fire {rF+, rC-}
   (You found it on level 2 of the Dungeon)
Scrolls
 d - 4 scrolls of identify {unknown}
 e - 2 scrolls of remove curse {unknown}
 h - a scroll of enchant armour {unknown}
 k - 2 scrolls of recharging {unknown}
 l - 2 scrolls of enchant weapon {unknown}
 m - a scroll of blinking {unknown}
 o - 2 scrolls of teleportation {unknown}
 p - a scroll of magic mapping {unknown}
 q - a scroll of amnesia {unknown}
Potions
 v - 2 potions of lignification {!q}
Books
 b - a book of Callings
Comestibles
 c - a bread ration {@e1}
 i - a fruit
 r - a meat ration {@e2}
 s - a chunk of flesh {@w0}


   Skills:
 - Level 2.4 Fighting
 - Level 2.1 Dodging
 - Level 2.0 Stealth
 + Level 3.8 Spellcasting
 + Level 6.1 Summonings


You had 8 spell levels left.
You knew the following spells:

 Your Spells              Type           Power        Failure   Level  Hunger
a - Summon Small Mammal   Summ           ###.         1%          1    None
c - Call Imp              Summ           ###.....     1%          2    ##.....


Dungeon Overview and Level Annotations

Branches:
Dungeon (4/15)
 Temple: D:4-7

Altars:
Makhleb

Annotations:
D:3 Sigmund


Innate Abilities, Weirdness & Mutations

((You have a beak for a mouth.))
((You have claws for feet.))
You can fly.


Message History

The helpless jackal fails to defend itself.
You hit the jackal. You claw the jackal, but do no damage.
Your peck misses the jackal. The worker ant bites you.
* * * LOW HITPOINT WARNING * * *
The jackal closely misses you.
You take 4 damage, and have 6/31 hp.
The jackal bites you but does no damage.
The jackal closely misses you. The jackal closely misses you.
The jackal barks!
The worker ant misses you.
You see here a scroll labeled WAUKUN EB SOIGOEX.
The jackal barely misses you. The jackal bites you.
* * * LOW HITPOINT WARNING * * *
You take 3 damage, and have 3/31 hp.
It was a potion of lignification.
You turn into a tree.
Your +0 robe melds into your body.
Your roots penetrate the ground.
The jackal bites you but does no damage. x2
You now have 4/46 hp.
It was a potion of curing.
You feel better.
The jackal bites you but does no damage. x4
You regained 11 hp, and now have 15/46 hp.
Unknown command.
Unknown command.
A beastly little devil appears in a puff of frigid air.
The jackal bites you but does no damage. x2
You now have 9/11 mp.
A beastly little devil appears in a puff of flame.
The jackal bites you but does no damage.
The jackal bites you.
You take 1 damage, and have 14/46 hp.
You now have 7/11 mp.
A beastly little devil appears in a puff of flame.
The jackal bites you but does no damage. x2
The worker ant waves its antennae.
The jackal bites you but does no damage. x2
Your crimson imp hits the jackal.
The jackal dies!
You now have 5/11 mp.
A beastly little devil appears in a puff of flame.
The jackal bites you but does no damage.
Your white imp gestures at the jackal.
The puff of frost hits the jackal.
Your crimson imp completely misses the jackal.
You now have 3/11 mp.
A beastly little devil appears in a puff of frigid air.
The jackal barely misses your crimson imp.
The worker ant bites you but does no damage.
Your crimson imp blinks!
Your crimson imp hits the jackal.
Your white imp completely misses the jackal.
You now have 1/11 mp.
You don't have enough magic to cast that spell.
You hit the worker ant.
Your white imp disappears in a puff of smoke!
The worker ant bites you but does no damage.
The jackal bites your white imp.
Your white imp gestures at the jackal.
The puff of frost hits the jackal.
The jackal dies!
The worker ant bites you but does no damage.
You hit the worker ant but do no damage.
The worker ant bites you.
* * * LOW HITPOINT WARNING * * *
You take 2 damage, and have 12/46 hp.
You hit the worker ant.
The worker ant bites you but does no damage.
Your crimson imp hits the worker ant.
You completely miss the worker ant.
The worker ant bites you but does no damage.
Your crimson imp barely misses the worker ant.
You completely miss the worker ant.
The worker ant bites you but does no damage.
Your crimson imp hits the worker ant.
The worker ant bites you but does no damage.
You hit the worker ant but do no damage.
Your crimson imp hits the worker ant.
The worker ant bites you.
* * * LOW HITPOINT WARNING * * *
You take 3 damage, and have 9/46 hp.
A beastly little devil appears in a puff of frigid air.
The worker ant bites you but does no damage.
Your crimson imp hits the worker ant but does no damage.
You now have 0/11 mp.
You closely miss the worker ant.
The worker ant bites you but does no damage.
Your crimson imp closely misses the worker ant.
Your crimson imp says, "The Orb is all yours."
The worker ant bites you but does no damage.
You hit the worker ant.
Your crimson imp disappears in a puff of smoke!
Your crimson imp barely misses the worker ant.
The worker ant bites you but does no damage.
You hit the worker ant.
You kill the worker ant!
You hear the slow rusting of a very distant drain.
You hit the ogre.
Your transformation is almost over.
Your crimson imp hits the ogre.
The ogre hits you but does no damage.
Your crimson imp closely misses the ogre.
You barely miss the ogre. The ogre hits you with a giant club!
You die...

#.###.###.#
#.#..(###.#
#...####.<# #..##
#.## #..## #..
#...# #.# #..##
..###########
#O###..###.........
#5♣.....##.........
#55........<.......
#..............(...
#..................
#.##....##.........
#.# ....##.....####
..# ######..>..# #.
#.....# #######


You could see an ogre, a friendly crimson imp and 2 friendly white imps.

Vanquished Creatures
  A worker ant (D:4)
  A giant cockroach (D:3)
  A jackal (D:3)
  A kobold (D:1)
  A quokka (D:2)
  A frilled lizard (D:1)
  2 goblins
  2 rats (D:1)
10 creatures vanquished.

Vanquished Creatures (collateral kills)
  A sky beast (D:3)
  Natasha (thrice) (D:2)
  3 gnolls
  3 adders (D:2)
  2 worms
  6 dart slugs
  A leopard gecko (D:2)
  5 orcs (D:3)
  6 giant cockroaches
  10 goblins
  13 hobgoblins
  3 jackals
  A quokka (D:3)
  A ball python (D:2)
  9 bats
  6 frilled lizards
  7 kobolds
  9 rats
89 creatures vanquished.

Grand Total: 99 creatures vanquished

Notes
Turn   | Place    | Note
-------+----------+-------------------------------------------
     0 | D:1      | esc the Tengu Summoner began the quest for the Orb.
     0 | D:1      | Reached XP level 1. HP: 10/10 MP: 4/4
   254 | D:1      | Reached skill level 1 in Fighting
   438 | D:1      | Reached XP level 2. HP: 16/16 MP: 0/6
   794 | D:1      | Reached skill level 2 in Fighting
   799 | D:1      | HP: 2/17 [dart slug/slug dart (4)]
  1104 | D:1      | Reached XP level 3. HP: 22/22 MP: 1/7
  1255 | D:2      | Learned a level 2 spell: Call Imp
  1592 | D:2      | Reached skill level 5 in Summonings
  2087 | D:2      | Noticed Natasha
  2387 | D:2      | Killed Natasha
  2387 | D:2      | Reached XP level 4. HP: 27/27 MP: 1/8
  2915 | D:2      | Noticed Natasha
  3032 | D:3      | Noticed a sky beast
  3099 | D:2      | Killed Natasha
  3200 | D:3      | Noticed Sigmund
  3492 | D:3      | Found a burning altar of Makhleb.
  3492 | D:3      | Noticed a blizzard demon
  3524 | D:3      | Reached skill level 3 in Spellcasting
  3574 | D:3      | Killed a sky beast
  3574 | D:3      | Gained mutation: You can fly. [Tengu growth]
  3574 | D:3      | Reached XP level 5. HP: 31/31 MP: 2/11
  4460 | D:2      | Noticed Natasha
  4463 | D:2      | Killed Natasha
  4599 | D:3      | Reached skill level 6 in Summonings
  4776 | D:4      | Noticed an ogre
  4803 | D:4      | HP: 6/31 [worker ant (4)]
  4820 | D:4      | HP: 9/46 [worker ant (3)]
  4826 | D:4      | Slain by an ogre

Vault maps used:
D:1:      saegor_arrival_simple_c
D:2:      minmay_pentomino_p4, uniq_natasha
D:3:      minmay_misc_feat_enclosed, makhleb_altar_promises_db, uniq_sigmund
D:4:      kb_forest_paths, portal_sewer_entry_f, uniq_eustachio

Skill      XL: |  1  2  3  4  5 |
---------------+----------------+-----
Fighting       | 1 2 |  2.4
Summonings     | 5 6 |  6.1
Spellcasting   | 3 |  3.8
Dodging        | |  2.1
Stealth        | |  2.0

Action                   |  1- 3 |  4- 6 || total
-------------------------+-------+-------++-------
Melee: Short sword       |    14 |    31 ||    45
       Kick              |     2 |     2 ||     4
       Peck              |       |     4 ||     4
 Cast: Summon Small Mamm |   117 |   103 ||   220
       Call Imp          |     7 |    36 ||    43
  Use: Potion            |     1 |     4 ||     5
 Stab: Sleeping          |       |     2 ||     2
  Eat: Chunk             |     7 |     5 ||    12
       Fruit             |       |     2 ||     2
       Beef jerky        |       |     1 ||     1
Armor: Robe              |    18 |     6 ||    24
       Skin              |       |    26 ||    26
Dodge: Dodged            |    36 |    67 ||   103

Vault maps used:
D:1:      saegor_arrival_simple_c
D:2:      minmay_pentomino_p4, uniq_natasha
D:3:      minmay_misc_feat_enclosed, makhleb_altar_promises_db, uniq_sigmund
D:4:      kb_forest_paths, portal_sewer_entry_f, uniq_eustachio

Table legend:
 A = Turns spent in this place as a percentage of turns spent in the entire game.
 B = Non-inter-level travel turns spent in this place as a percentage of non-inter-level travel turns spent in the entire game.
 C = Inter-level travel turns spent in this place as a percentage of turns spent in this place.
 D = Turns resting spent in this place as a percentage of non-inter-level travel turns spent in this place.
 E = Turns spent auto-exploring this place as a percentage of non-inter-level travel turns spent in this place.
 F = Non-inter-level travel turns spent in this place divided by the number of levels of this place that you've seen.
                   A       B       C       D       E      F
               +-------+-------+-------+-------+-------+----------------------
         Total | 100.0 | 100.0 |   0.8 |   4.5 |   5.0 | 391.0
       Dungeon | 100.0 | 100.0 |   0.8 |   4.5 |   5.0 | 391.0
               +-------+-------+-------+-------+-------+----------------------

Table legend:
 A = Kills in this place as a percentage of kills in entire the game.
 B = Kills by you in this place as a percentage of kills by you in the entire game.
 C = Kills by friends in this place as a percentage of kills by friends in the entire game.
 D = Other kills in this place as a percentage of other kills in the entire game.
 E = Experience gained in this place as a percentage of experience gained in the entire game.
 F = Experience gained in this place divided by the number of levels of this place that you have seen.
                   A       B       C       D       E      F
               +-------+-------+-------+-------+-------+----------------------
         Total | 100.0 | 100.0 | 100.0 |  -nan | 100.0 |  75.5
       Dungeon | 100.0 | 100.0 | 100.0 |  -nan | 100.0 |  75.5
               +-------+-------+-------+-------+-------+----------------------
